 Dungeon Crawl Stone Soup version 0.22-a0-617-g6d95e9e (webtiles) character file.

26 Hebeh the Firebug (level 2, 0/15 HPs)
             Began as a Deep Elf Fire Elementalist on July 12, 2018.
             Killed from afar by Natasha (10 damage)
             ... with a wand of flame (43)
             ... on level 2 of the Dungeon.
             The game lasted 00:04:10 (1377 turns).

Hebeh the Firebug (Deep Elf Fire Elementalist)      Turns: 1377, Time: 00:04:11

Health: 0/15       AC:  2    Str:  5    XL:     2   Next: 89%
Magic:  8/8        EV: 28    Int: 19    God:
Gold:   101        SH:  0    Dex: 15    Spells: 7/8 levels left

rFire    . . .     SeeInvis .   m - +1 spear (pain)
rCold    . . .     Gourm    .   (no shield)
rNeg     . . .     Faith    .   a - +0 robe
rPois    .         Spirit   .   (no helmet)
rElec    .         Reflect  .   (no cloak)
rCorr    .         Harm     .   (no gloves)
MR       .....                  (no boots)
Stlth    ++........             n - amulet of the acrobat
HPRegen  0.05/turn              (no ring)
MPRegen  0.11/turn              (no ring)

@: slowed, very slow
A: no striking features
a: no special abilities


You were on level 2 of the Dungeon.
You were very hungry.

You visited 1 branch of the dungeon, and saw 2 of its levels.

You collected 101 gold pieces.

Inventory:

Hand Weapons
 e - a +0 mace
 m - a +1 spear of pain (weapon)
Missiles
 b - 145 stones (quivered)
 l - 20 arrows
Armour
 a - a +0 robe (worn)
Jewellery
 n - an amulet of the acrobat (around neck)
 o - a +3 ring of slaying {unknown}
Scrolls
 d - 2 scrolls of identify {unknown}
 h - a scroll of fog {unknown}
 i - a scroll of magic mapping {unknown}
 j - a scroll of remove curse {unknown}
Potions
 f - 4 potions of lignification {unknown}
 g - a potion of curing {unknown}
 k - a potion of degeneration {unknown}
Comestibles
 c - 3 rations


   Skills:
 - Level 2.4 Dodging
 - Level 2.4 Stealth
 + Level 3.5 Spellcasting
 * Level 2.4 Conjurations
 + Level 3.6 Fire Magic


You had 7 spell levels left.
You knew the following spells:

 Your Spells              Type           Power        Failure   Level  Hunger
a - Flame Tongue          Conj/Fire      ##...        4%          1    None

Your spell library contained the following spells:

 Spells                   Type           Power        Failure   Level  Hunger
 Fireball                 Conj/Fire      ##........   75%         5    ######.
 Conjure Flame            Conj/Fire      ##......     13%         3    ###....
 Throw Flame              Conj/Fire      ##....       6%          2    ##.....
 Sticky Flame             Conj/Fire      ##......     38%         4    ####...
 Inner Flame              Hex/Fire       ##......     21%         3    ###....


Dungeon Overview and Level Annotations

Branches:
Dungeon (2/15)

Altars:

Annotations:
D:2 Natasha


Message History

Aim: a goblin, wielding a dagger (moderately wounded)
You throw a stone. The stone barely misses the goblin.
Natasha, Servant of Life and Death comes into view.
Throwing (i - inventory)
b - 146 stones (quivered)
Press: ? - help, Shift-Dir - straight line, f/p - goblin
Aim: a goblin, wielding a dagger You throw a stone.
The stone barely misses the goblin.
Natasha hisses angrily.
Natasha stares at you and mumbles some strange words.
The magic dart hits you!
A worm comes into view.
Casting: Flame Tongue (safe; 4% risk of failure)
Confirm with . or Enter, or press ? or * to list all spells.
You can't see any susceptible monsters within range! (Use Z to cast anyway.) Natasha zaps a wand.
The puff of flame misses you.
It is a wand of flame (43).
Natasha casts a spell at you.
You feel yourself slow down.
Natasha zaps a wand.
The puff of flame hits you!
Ouch! That really hurt!
You die...

.#.#... ....... .......
....... (......######
......h.....# ............##
w........g..@#
........###..#### ..!.....#
#.....## .........
#......############
....(.)...######.........<[..
........#.# ######....)...
........#.. #........
........#### ##.......
........! #.......


You could see Natasha and a goblin.

Vanquished Creatures
  An ooze (D:1)
  A ball python (D:2)
  2 goblins (D:1)
  6 hobgoblins
  4 bats (D:1)
  A frilled lizard (D:1)
  3 kobolds (D:1)
  2 rats (D:1)
20 creatures vanquished.

Notes
Turn   | Place    | Note
-------+----------+-------------------------------------------
     0 | D:1      | Hebeh the Deep Elf Fire Elementalist began the quest for the Orb.
     0 | D:1      | Reached XP level 1. HP: 10/10 MP: 6/6
   457 | D:1      | Reached XP level 2. HP: 15/15 MP: 6/8
  1370 | D:2      | Noticed Natasha
  1377 | D:2      | Killed from afar by Natasha

Vault maps used:
D:1:      dpeg_arrival_morbid_curiosity, serial_glass, glass_columns_b,
          glass_columns_a, glass_columns_b, glass_columns_b, glass_columns_b,
          glass_columns_b, kennysheep_flooded_box, minmay_misc_feat_encased
D:2:      grunt_temple_overflow_holy_war, lemuel_doored_altar, bloody_makhleb,
          first_ration, elyvilon_altar_4, uniq_robin, uniq_natasha, uniq_terence

Skill      XL: |  1  2 |
---------------+-------+-----
Conjurations   | 2 |  2.4
Dodging        | |  2.4
Stealth        | |  2.4
Spellcasting   | |  3.5
Fire Magic     | |  3.6

Action                   || total
-------------------------++-------
Throw: Stone             ||    44
 Cast: Flame Tongue      ||    42
Armor: Robe              ||     3
Dodge: Dodged            ||    31

Table legend:
 A = Spawn XP
 B = Non-spawn XP
 C = Spawn XP percentage of total XP
 D = Spawn monster count
 E = Non-spawn monster count
 F = Spawn count percentage of total count
 G = Total turns spent on level
                    A         B        C        D         E        F      G
               +---------+---------+-------+---------+---------+-------+---------
         Total |       0 |      38 |   0.0 |       0 |      20 |   0.0 |  1377
               +---------+---------+-------+---------+---------+-------+---------
           D:1 |       0 |      34 |   0.0 |       0 |      18 |   0.0 |  1281
           D:2 |       0 |       4 |   0.0 |       0 |       2 |   0.0 |    96
               +---------+---------+-------+---------+---------+-------+---------
